 Dungeon Crawl Stone Soup version 0.29-a0-284-gf9362112df (webtiles) character file.

Game seed: 18257471746361464707

508 ders the Magician (level 7, -6/45 HPs)
             Began as a Djinni Conjurer on Mar 29, 2022.
             Mangled by Pikel
             ... wielding a +2 whip of flaming
              (12 damage)
             ... on level 4 of the Dungeon.
             The game lasted 00:05:25 (4579 turns).

ders the Magician (Djinni Conjurer)                 Turns: 4579, Time: 00:05:26

Health: -6/45      AC:  2    Str: 14    XL:     7   Next: 42%
Gold:   216        EV: 12    Int: 22    God:
                   SH:  0    Dex: 11

rFire   + + .      SeeInvis .   (no weapon)
rCold   x . .      Faith    .   (no shield)
rNeg    . . .      Spirit   .   a - +0 robe
rPois   ∞          Reflect  .   (no helmet)
rElec   .          Harm     .   (no cloak)
rCorr   +          Rampage  .   (no gloves)
Will    .....                   (boots unavailable)
Stlth   ++........              y - amulet of the acrobat
HPRegen 0.15/turn               x - ring of the Thoughtful Beggars {rCorr MP+9 Str+2}
MPRegen 0.00/turn               k - +6 ring of strength

@: flying
A: sickness immunity, fire resistance 2, cold vulnerability 1, float, innate
caster, HP casting, extra vitality 1
a: no special abilities


You were on level 4 of the Dungeon.
You visited 1 branch of the dungeon, and saw 4 of its levels.

You collected 216 gold pieces.

Inventory:

Missiles
 r - a throwing net
Armour
 a - a +0 robe (worn)
 i - the +0 ring mail "Nizosch" {rPois rC+ Int-3}
   (You found it on level 3 of the Dungeon)

   Int:       It affects your intelligence (-3).
   rC:        It protects you from cold.
   rPois:     It protects you from poison.
 v - the +8 chain mail "Fasisiuz" {Fly Int+3}
   (You found it on level 3 of the Dungeon)

   Int:       It affects your intelligence (+3).
   Fly:       It grants you flight.
Jewellery
 k - a +6 ring of strength (right hand)
 t - a ring of resist corrosion
 u - a +6 ring of strength
 x - the ring of the Thoughtful Beggars (left hand) {rCorr MP+9 Str+2}
   (You found it on level 4 of the Dungeon)

   [ring of magical power]

   Str:       It affects your strength (+2).
   MP:        It affects your magic capacity (+9).
   rCorr:     It protects you from acid and corrosion.
 y - an amulet of the acrobat (around neck)
Wands
 l - a wand of polymorph (7)
Scrolls
 c - 4 scrolls of teleportation {unknown}
 j - a scroll of immolation
 o - a scroll of magic mapping
 s - a scroll of identify
 w - a scroll of fog
 z - a scroll of enchant weapon {unknown}
Potions
 b - 4 potions of might
 d - 2 potions of degeneration {unknown}
 e - a potion of curing {unknown}
 f - a potion of flight {unknown}
 g - a potion of mutation {unknown}
 h - 2 potions of resistance
 m - a potion of attraction {unknown}
 n - a potion of invisibility {unknown}
 p - a potion of brilliance {unknown}
 q - a potion of ambrosia {unknown}


   Skills:
 - Level 2.1 Dodging
 - Level 1.5 Stealth
 + Level 6.5 Spellcasting


You couldn't memorise any spells.
You knew the following spells:

 Your Spells              Type           Power      Damage    Failure   Level
a - Magic Dart            Conj           100%       1d8       1%          1
b - Searing Ray           Conj           72%        2d7       1%          2
c - Dazzling Flash        Conj/Hex       72%        N/A       1%          3
d - Fulminant Prism       Conj/Hex       18%        3d11      6%          4
e - Iskenderun's Mystic   Conj/Tloc      36%        2d9       6%          4
f - Beastly Appendage     Tmut           72%        N/A       1%          1
g - Static Discharge      Conj/Air       36%        N/A       1%          2
h - Passwall              Tmut/Erth      30%        N/A       1%          2
Your spell library was empty.

Dungeon Overview and Level Annotations

Branches:
Dungeon (4/15)
 Temple: D:4-7

Altars:
Cheibriados
Dithmenos
Elyvilon
Kikubaaqudgha
Nemelex Xobeh
Ru
Trog
Vehumet
Zin
The Shining One

Annotations:
D:4 1 runed translucent door, Crazy Yiuf, Pikel


Innate Abilities, Weirdness & Mutations

You are immune to sickness and miasma.
You are immune to poison.
Your flesh is very heat resistant. (rF++)
You are vulnerable to cold. (rC-)
You float through the air rather than walking.
You learn spells naturally, not from books.
Your magical power is your life essence.
You have superior vitality. (+4 MHP)


Message History

Pikel burns you.
Unknown command.
Okay, then.
Casting: Searing Ray (safe; 1% risk of failure)
Confirm with . or Enter, or press ? or * to list all spells.
You erupt in a blast of force!
The mystic blast hits the lemure!
The lemure is heavily wounded.
The lemure is knocked back by the mystic blast.
The mystic blast hits the lemure!
The lemure is moderately wounded.
The lemure is knocked back by the mystic blast.
The mystic blast hits Pikel.
Pikel is heavily wounded.
Pikel hits you with a +2 whip of flaming.
* * * LOW HITPOINT WARNING * * *
Casting: Iskenderun's Mystic Blast (dangerous; 6% risk of failure)
Confirm with . or Enter, or press ? or * to list all spells.
You erupt in a blast of force!
The mystic blast hits the lemure.
The lemure is moderately wounded.
The lemure is knocked back by the mystic blast.
The mystic blast hits Pikel.
Pikel is severely wounded.
Pikel is knocked back by the mystic blast.
Pikel collides with the lemure!
The lemure is heavily wounded.
* * * LOW HITPOINT WARNING * * *
There is an open door here.
You reach down and close the door.
Pikel opens the door.
There is an open door here.
You reach down and close the door.
Pikel opens the door.
Casting: Iskenderun's Mystic Blast (dangerous; 6% risk of failure)
Confirm with . or Enter, or press ? or * to list all spells.
You erupt in a blast of force!
The mystic blast hits Pikel!
Pikel is almost dead.
Pikel is knocked back by the mystic blast.
Pikel slams into the rock wall!
* * * LOW HITPOINT WARNING * * *
There is a stone staircase leading up here.
Pikel hits you with a +2 whip of flaming!
You die...

.#.)...........#....#.....
.'.............'....#....
####+##.###...##....#... ####
......#.###...#.....##'###..#
......#.......#.....#...#...#
......#.......#.....#...#...#
......#.......#.....#...#...#
......#.......#.....#...#...#
......#.......#.@K..#...#...#
......#####..##.5...##5###'###
'#........#..#...5..#..#.....#
.#........#..#......#..#.....#
.#........#..#......'..#.....#
.#........##'#......#'##.....#
.#.......................#####
######...................#
#####....(..........#


You could see Pikel and 2 lemures.

Vanquished Creatures
  An ogre (D:4)
  2 lemures
  A scorpion (D:4)
  2 jellies (D:4)
  An orc priest (D:4)
  A hound (D:4)
  An iguana (D:4)
  Natasha (thrice) (D:2)
  A mummy (D:3)
  5 adders
  A shadow imp (D:4)
  4 worms
  2 dart slugs
  4 orcs (D:4)
  2 ball pythons (D:2)
  A bat (D:1)
  6 endoplasms
  8 giant cockroaches
  6 goblins
  3 hobgoblins
  2 jackals (D:2)
  3 quokkas
  4 frilled lizards
  3 kobolds
  3 rats
70 creatures vanquished.

Notes
Turn   | Place    | Note
-------+----------+-------------------------------------------
     0 | D:1      | ders the Djinni Conjurer began the quest for the Orb.
     0 | D:1      | Reached XP level 1. HP: 15/15 MP: 0/0
   370 | D:1      | Reached XP level 2. HP: 17/21 MP: 0/0
   762 | D:1      | Found a faded altar of an unknown god.
  1039 | D:2      | Reached XP level 3. HP: 20/25 MP: 0/0
  1039 | D:2      | Learned a level 1 spell: Beastly Appendage
  1141 | D:2      | Reached skill level 4 in Spellcasting
  1178 | D:2      | Noticed Natasha
  1181 | D:2      | Killed Natasha
  1182 | D:2      | Reached XP level 4. HP: 26/31 MP: 0/0
  1313 | D:2      | Noticed Natasha
  1316 | D:2      | Killed Natasha
  1618 | D:2      | Noticed Natasha
  1623 | D:2      | Killed Natasha
  1624 | D:2      | Reached XP level 5. HP: 21/35 MP: 0/0
  1624 | D:2      | Learned a level 2 spell: Static Discharge
  1857 | D:2      | Reached skill level 5 in Spellcasting
  2137 | D:3      | Identified the +0 ring mail "Nizosch" {rPois rC+ Int-3}
  2272 | D:3      | You are sucked into a shaft and drop 1 floor!
  2363 | D:4      | Noticed Pikel
  2363 | D:4      | Noticed a lemure
  2363 | D:4      | Noticed a lemure
  2383 | D:3      | Killed a lemure
  2613 | D:3      | Found a shadowy altar of Dithmenos.
  2821 | D:3      | Found a snail-covered altar of Cheibriados.
  2826 | D:3      | Reached XP level 6. HP: 33/40 MP: 0/0
  2834 | D:3      | Identified the +8 chain mail "Fasisiuz" {Fly Int+3}
  2913 | D:3      | Found a glowing silver altar of Zin.
  2913 | D:3      | Found a glowing golden altar of the Shining One.
  2920 | D:3      | Found a white marble altar of Elyvilon.
  3440 | D:4      | Noticed an ogre
  3444 | D:4      | Killed an ogre
  3493 | D:4      | Reached skill level 6 in Spellcasting
  3612 | D:4      | Identified the ring of the Thoughtful Beggars {rCorr MP+9
                  | Str+2}
  3978 | D:4      | Found a bloodstained altar of Trog.
  3978 | D:4      | Found a sacrificial altar of Ru.
  3995 | D:4      | Reached XP level 7. HP: 40/45 MP: 0/0
  3995 | D:4      | Learned a level 2 spell: Passwall
  4338 | D:4      | Found a sparkling altar of Nemelex Xobeh.
  4439 | D:4      | Found a runed translucent door.
  4440 | D:4      | Noticed Crazy Yiuf
  4579 | D:4      | Mangled by Pikel

Illustrated notes

Levels and vault maps discovered:
D:1:      ncdulo_smallfort, layout_rooms,
          shapermc_ecumenical_altar_mp_urbaneastern
D:2:      layout_rooms, minmay_close_crescents, uniq_natasha
D:3:      layout_rooms, dreamdust_divine_triumvirate,
          nicolae_dithmenos_the_darkroom, slow_altar_2,
          mainiacjoe_overflow_cross_hatched, serial_corexii_hall,
          chequers_hall_statues_y, corexii_hall_statues_x
D:4:      layout_gridville, gammafunk_temple_overflow_elements,
          gammafunk_temple_overflow_pools, uniq_crazy_yiuf_cottage, uniq_pikel

Skill      XL: |  1  2  3  4  5  6 |
---------------+-------------------+-----
Spellcasting   | 4 5 6 |  6.5
Dodging        | |  2.1
Stealth        | |  1.5

Action                   |  1- 3 |  4- 6 |  7- 9 || total
-------------------------+-------+-------+-------++-------
 Cast: Magic Dart        |    41 |    87 |    20 ||   148
       Searing Ray       |     2 |    41 |    11 ||    54
       Iskenderun's Myst |       |       |     3 ||     3
  Use: Scroll            |       |     9 |       ||     9
Armor: Robe              |     5 |     3 |       ||     8
Dodge: Dodged            |     3 |    10 |     6 ||    19

Table legend: (Time is in decaauts)
 A = Elapsed time spent in this place.
 B = Non-inter-level travel time spent in this place.
 C = Inter-level travel time spent in this place.
 D = Time resting spent in this place.
 E = Time spent auto-exploring this place.
 F = Levels seen in this place.
 G = Mean time per level.
                   A        B        C        D        E       F      G
               +--------+--------+--------+--------+--------+-----+--------+
         Total |   4576 |   4463 |    113 |    420 |   3620 |   4 | 1144.0 |
       Dungeon |   4576 |   4463 |    113 |    420 |   3620 |   4 | 1144.0 |
               +--------+--------+--------+--------+--------+-----+--------+

Top non-repeatable levels by time:
     D:4: 1516 daAuts
     D:2: 1036 daAuts
     D:1: 1034 daAuts
     D:3: 989 daAuts
